[Event "ICC tourney 2533 (25 5)"]
[Site "Internet Chess Club"]
[Date "2021.04.25"]
[Round "7"]
[White "ALBERT STERN, MATTHEW:K09-16865142"]
[Black "LEYTE VIDAL, ABIGAIL:K09-17196864"]
[Result "1-0"]
[ICCResult "Black checkmated"]
[WhiteElo "789"]
[BlackElo "210"]
[Opening "French: Steinitz variation"]
[ECO "C13"]
[NIC "AL.10"]
[Time "15:00:55"]
[PlyCount "95"]
[TimeControl "1500+5"]

1. e4 Nf6 2. Nc3 e6 3. d4 d5 4. e5 Be7 5. Bg5 Bd7 6. exf6 Bxf6 7. Bxf6 Qxf6
8. Nf3 Qd8 9. Ne5 O-O 10. Nxd7 Nxd7 11. Bd3 e5 12. dxe5 Nxe5 13. Qh5 h6 14.
Qxe5 Re8 15. Qxe8+ Qxe8+ 16. Kd2 Rd8 17. Rhe1 Qd7 18. Re3 d4 19. Re4 dxc3+
20. bxc3 Qf5 21. Re8+ Rxe8 22. Bxf5 g6 23. Bd3 Rd8 24. g3 f5 25. f4 g5 26.
fxg5 hxg5 27. h3 c5 28. Rb1 b6 29. Kc1 Rc8 30. Bxf5 Rc7 31. Be6+ Kg7 32.
Bc4 Rb7 33. Ba6 Rb8 34. c4 b5 35. cxb5 c4 36. c3 Rb6 37. Rb4 Re6 38. Rxc4
Re1+ 39. Kb2 Re2+ 40. Ka3 Rg2 41. h4 gxh4 42. gxh4 Rg6 43. Rc7+ Kf8 44.
Rxa7 Rh6 45. Kb3 Rxh4 46. b6 Rh6 47. b7 Rh7 48. b8=Q# { Black checkmated }
1-0

[Event "ICC tourney 2533 (25 5)"]
[Site "Internet Chess Club"]
[Date "2021.04.25"]
[Round "7"]
[White "MICHAEL BAR, NATHAN:K09-30163724"]
[Black "ARAGONES, PIERO:K09-16941823"]
[Result "1-0"]
[ICCResult "Black checkmated"]
[WhiteElo "1074"]
[BlackElo "607"]
[Opening "Four knights: double Ruy Lopez"]
[ECO "C49"]
[NIC "KP.03"]
[Time "15:01:58"]
[PlyCount "73"]
[TimeControl "1500+5"]

1. e4 e5 2. Nf3 Nc6 3. Nc3 Nf6 4. Bb5 Bb4 5. Bxc6 dxc6 6. Nxe5 O-O 7. d3
Qe8 8. Nf3 Bc5 9. O-O b5 10. d4 Bd6 11. e5 Qe7 12. exd6 Qxd6 13. Re1 Bb7
14. Bg5 Ng4 15. Qe2 b4 16. Ne4 Qd5 17. h3 Nh6 18. Bxh6 gxh6 19. Nf6+ Kh8
20. Nxd5 cxd5 21. Qe5+ Kg8 22. Qg3+ Kh8 23. Re5 Rg8 24. Qh4 Rg6 25. Rh5 Rg7
26. Rxh6 Re8 27. Ne5 Re6 28. Rh5 Ba6 29. Re1 f6 30. Ng6+ Rxg6 31. Rxh7+ Kg8
32. Rh8+ Kf7 33. Qh7+ Rg7 34. Qh5+ Rg6 35. Rh7+ Kg8 36. Qxg6+ Kf8 37. Qf7#
{ Black checkmated } 1-0

[Event "ICC tourney 2533 (25 5)"]
[Site "Internet Chess Club"]
[Date "2021.04.25"]
[Round "7"]
[White "E DUROST, BENJAMIN:K09-17214574"]
[Black "KIM, JOON:K09-16270585"]
[Result "1-0"]
[ICCResult "Black checkmated"]
[WhiteElo "444"]
[BlackElo "1182"]
[Opening "Queen's pawn"]
[ECO "A40"]
[NIC "QO.17"]
[Time "15:00:15"]
[PlyCount "33"]
[TimeControl "1500+5"]

1. d4 e6 2. Bf4 d5 3. e3 c5 4. c3 Nc6 5. Nf3 Qb6 6. Qb3 Nf6 7. Nbd2 Be7 8.
h3 O-O 9. Be2 c4 10. Qc2 Re8 11. b3 cxb3 12. axb3 Bd7 13. O-O a5 14. Bd3
Nh5 15. Bxh7+ Kh8 16. Ne5 Nxf4 17. Nxf7# { Black checkmated } 1-0

[Event "ICC tourney 2533 (25 5)"]
[Site "Internet Chess Club"]
[Date "2021.04.25"]
[Round "7"]
[White "KOTARU, ADITYA:K09-15453455"]
[Black "CHI, ZIYANG:K09-16218796"]
[Result "1-0"]
[ICCResult "Black checkmated"]
[WhiteElo "1451"]
[BlackElo "879"]
[Opening "Nimzovich-Larsen attack: classical variation"]
[ECO "A01"]
[NIC "VO.08"]
[Time "15:03:40"]
[PlyCount "111"]
[TimeControl "1500+5"]

1. b3 d5 2. Bb2 Nc6 3. e3 e5 4. Bb5 a6 5. Bxc6+ bxc6 6. Bxe5 Nf6 7. Bb2 Bd6
8. Nf3 Bg4 9. h3 Bxf3 10. Qxf3 O-O 11. Bxf6 Qxf6 12. Qxf6 gxf6 13. d4 c5
14. c3 cxd4 15. cxd4 Rfe8 16. O-O c5 17. Nc3 cxd4 18. exd4 Rac8 19. Nxd5
Re6 20. Rac1 Rxc1 21. Rxc1 Ba3 22. Rc8+ Kg7 23. g3 Re1+ 24. Kg2 Re2 25. Ra8
Rxa2 26. Rxa6 Kg6 27. b4 Kf5 28. Rxf6+ Ke4 29. Nc3+ Kxd4 30. Nxa2 Kc4 31.
Rxf7 Kb3 32. b5 Kxa2 33. b6 Kb3 34. b7 Bd6 35. Rf8 Kb4 36. b8=Q+ Bxb8 37.
Rxb8+ Kc5 38. Rh8 Kd6 39. Rxh7 Ke6 40. Rh5 Kf6 41. Ra5 Ke6 42. h4 Kd6 43.
h5 Ke6 44. g4 Kf6 45. g5+ Kg7 46. h6+ Kg6 47. f4 Kh7 48. Ra7+ Kg6 49. h7
Kf5 50. Ra5+ Kg6 51. h8=Q Kf7 52. Qf6+ Ke8 53. Qg6+ Kf8 54. Qb6 Ke7 55.
Ra7+ Ke8 56. Qb8# { Black checkmated } 1-0

[Event "ICC tourney 2533 (25 5)"]
[Site "Internet Chess Club"]
[Date "2021.04.25"]
[Round "7"]
[White "FARRIS, NORA GRACE:K09-16974693"]
[Black "KONSTANTAKOS, CHRISTOS:K09-17130487"]
[Result "1/2-1/2"]
[ICCResult "Game drawn by mutual agreement"]
[WhiteElo "947"]
[BlackElo "1447"]
[Opening "Ruy Lopez: Caro variation"]
[ECO "C70"]
[NIC "RL.09"]
[Time "15:01:36"]
[PlyCount "67"]
[TimeControl "1500+5"]

1. e4 e5 2. Nf3 Nc6 3. Bb5 a6 4. Ba4 b5 5. Bb3 Be7 6. Nc3 Nf6 7. O-O O-O 8.
Re1 Bb7 9. Nd5 d6 10. d3 h6 11. Be3 Na5 12. Nxe7+ Qxe7 13. Nh4 Nxb3 14.
axb3 Bc8 15. Nf3 c5 16. c4 b4 17. Nd2 a5 18. f4 Ng4 19. f5 Nxe3 20. Rxe3
Kh7 21. Qh5 g6 22. fxg6+ fxg6 23. Qe2 Qg5 24. Rg3 Qe7 25. Nf1 Bd7 26. Ne3
Be6 27. Ng4 Bxg4 28. Qxg4 Qf7 29. Rf3 Qg7 30. Raf1 Rxf3 31. Rxf3 Rf8 32.
Rxf8 Qxf8 33. g3 Qe7 34. Kg2 { Game drawn by mutual agreement } 1/2-1/2

[Event "ICC tourney 2533 (25 5)"]
[Site "Internet Chess Club"]
[Date "2021.04.25"]
[Round "7"]
[White "MORGAN, DRAKE:K09-17025296"]
[Black "BECKER, SEAN:K09-15734464"]
[Result "0-1"]
[ICCResult "White checkmated"]
[WhiteElo "192"]
[BlackElo "598"]
[Opening "KP: Nimzovich defense"]
[ECO "B00"]
[NIC "VO.04"]
[Time "15:01:07"]
[PlyCount "68"]
[TimeControl "1500+5"]

1. e4 Nc6 2. d4 Nf6 3. f3 g6 4. Nc3 Bg7 5. Nh3 O-O 6. Bc4 d6 7. Nf4 e6 8.
O-O e5 9. dxe5 dxe5 10. Qxd8 Rxd8 11. Nfe2 Na5 12. b3 Nxc4 13. b4 Be6 14.
Ng3 Nd2 15. Bxd2 Rxd2 16. Nge2 Rad8 17. Rfd1 b6 18. Ng3 c5 19. bxc5 bxc5
20. Nf1 R2d7 21. Re1 Nh5 22. g4 Nf4 23. Na4 c4 24. Nc5 Rd6 25. Nxe6 Rxe6
26. Red1 Bf6 27. Rxd8+ Bxd8 28. Rd1 Bb6+ 29. Kh1 a5 30. Nd2 Rd6 31. a4 Be3
32. Rb1 Rxd2 33. Rb8+ Kg7 34. c3 Rd1# { White checkmated } 0-1

[Event "ICC tourney 2533 (25 5)"]
[Site "Internet Chess Club"]
[Date "2021.04.25"]
[Round "7"]
[White "PANJWANI, IMAD:K09-16510285"]
[Black "A BADAMI, KAAMIL:K09-17077227"]
[Result "1-0"]
[ICCResult "Black resigns"]
[WhiteElo "1237"]
[BlackElo "674"]
[Opening "English opening"]
[ECO "A20"]
[NIC "EO.25"]
[Time "15:02:13"]
[PlyCount "43"]
[TimeControl "1500+5"]

1. c4 e5 2. d3 d5 3. cxd5 Qxd5 4. Nc3 Qd8 5. Nf3 Nc6 6. g3 Nf6 7. Bg2 h6 8.
O-O Bc5 9. a3 O-O 10. b4 Bb6 11. Na4 Bf5 12. Nxb6 axb6 13. Bb2 Qe7 14. Re1
Rfd8 15. Qc2 Rd7 16. Qc3 Rd5 17. Nh4 Rd6 18. Nxf5 Qe6 19. Bh3 Rdd8 20.
Nxh6+ gxh6 21. Bxe6 fxe6 22. f4 { Black resigns } 1-0

[Event "ICC tourney 2533 (25 5)"]
[Site "Internet Chess Club"]
[Date "2021.04.25"]
[Round "7"]
[White "SRI VELVADAPU, RENESH:K09-16880588"]
[Black "PEREZ, MARCOS:K09-15942255"]
[Result "1-0"]
[ICCResult "Black checkmated"]
[WhiteElo "960"]
[BlackElo "584"]
[Opening "Four knights: Spanish, classical defense"]
[ECO "C48"]
[NIC "KP.03"]
[Time "15:04:00"]
[PlyCount "115"]
[TimeControl "1500+5"]

1. e4 e5 2. Nc3 Nc6 3. Nf3 Nf6 4. Bb5 Bc5 5. Bxc6 dxc6 6. Nxe5 Bg4 7. Nxg4
Nxg4 8. O-O Nf6 9. e5 Nd5 10. Ne4 Bd4 11. c3 Bxe5 12. c4 Nf6 13. d3 O-O 14.
Bg5 h6 15. Nxf6+ Bxf6 16. Bxf6 Qxf6 17. Re1 Rae8 18. h3 Qxb2 19. Rxe8 Rxe8
20. Rb1 Qxa2 21. Ra1 Qb2 22. Rb1 Qe5 23. Qc2 c5 24. Rxb7 Qe1+ 25. Kh2 Qe5+
26. Kg1 Qe1+ 27. Kh2 Qe5+ 28. Kg1 Qe1+ 29. Kh2 Qe5+ 30. Kg1 Qe1+ 31. Kh2
Qe5+ 32. Kg1 Qa1+ 33. Rb1 Re1+ 34. Rxe1 Qxe1+ 35. Kh2 Qe5+ 36. Kg1 Qe1+ 37.
Kh2 Qe5+ 38. Kh1 Qe1+ 39. Kh2 Qe5+ 40. g3 f5 41. Qb2 f4 42. Qxe5 Kf7 43.
Qxc5 Kg6 44. Qxc7 Kf5 45. gxf4 Kf6 46. Qxa7 Kg6 47. c5 Kf6 48. c6 Ke6 49.
c7 Kd7 50. Qb8 Ke6 51. c8=Q+ Kf6 52. Qb5 h5 53. Qcc6+ Kf7 54. Qbb7+ Kg8 55.
Qcc8+ Kh7 56. Qf5+ Kg8 57. Qbf7+ Kh8 58. Qf8# { Black checkmated } 1-0

[Event "ICC tourney 2533 (25 5)"]
[Site "Internet Chess Club"]
[Date "2021.04.25"]
[Round "7"]
[White "CHAVA, TARUN:K09-15546970"]
[Black "CRIST, CARTER:K09-15446271"]
[Result "1-0"]
[ICCResult "Black checkmated"]
[WhiteElo "904"]
[BlackElo "435"]
[Opening "Scandinavian (center counter) defense"]
[ECO "B01"]
[NIC "SD.02"]
[Time "15:03:59"]
[PlyCount "49"]
[TimeControl "1500+5"]

1. e4 d5 2. exd5 Qxd5 3. Nc3 Qd8 4. d4 Nc6 5. Nf3 Nf6 6. Bc4 e6 7. O-O Bd6
8. a3 e5 9. dxe5 Bxe5 10. Qxd8+ Nxd8 11. Re1 Nc6 12. Nxe5 Nxe5 13. Rxe5+
Be6 14. Bxe6 O-O 15. Bb3 Rae8 16. Rxe8 Rxe8 17. Bg5 Ng4 18. h3 Ne5 19. Rd1
Nc6 20. Ba4 b5 21. Bxb5 h6 22. Bxc6 Re6 23. Be4 hxg5 24. Rd8+ Re8 25. Rxe8#
{ Black checkmated } 1-0

[Event "ICC tourney 2533 (25 5)"]
[Site "Internet Chess Club"]
[Date "2021.04.25"]
[Round "7"]
[White "KOTHAPALLI, ASHISH:K09-16185293"]
[Black "DONOFRIO, LUKE:K09-15346692"]
[Result "0-1"]
[ICCResult "White checkmated"]
[WhiteElo "897"]
[BlackElo "1451"]
[Opening "Queen's pawn: London system"]
[ECO "A45"]
[NIC "QP.07"]
[Time "15:00:28"]
[PlyCount "114"]
[TimeControl "1500+5"]

1. d4 Nf6 2. Bf4 e6 3. Nc3 d5 4. e3 b6 5. Nf3 Bb7 6. Bb5+ c6 7. Bd3 Bd6 8.
Bg5 h6 9. Bh4 O-O 10. e4 dxe4 11. Nxe4 Be7 12. Nxf6+ Bxf6 13. Bxf6 Qxf6 14.
c3 Rd8 15. O-O c5 16. Be2 cxd4 17. Nxd4 e5 18. Bf3 Nc6 19. Qa4 exd4 20.
cxd4 Rxd4 21. Qb3 Na5 22. Qc3 Bxf3 23. Qxf3 Qxf3 24. gxf3 Rad8 25. Kg2 Nc4
26. b3 Nd2 27. Rg1 R8d6 28. Rad1 Nxf3 29. Rxd4 Nxd4 30. Rd1 Nf5 31. Re1 Rd2
32. Ra1 g5 33. Kf1 Nd4 34. Ke1 Rb2 35. Rd1 Nf3+ 36. Kf1 Nxh2+ 37. Kg2 Ng4
38. Rd8+ Kg7 39. Kg3 Nxf2 40. Rd6 Ne4+ 41. Kf3 Nxd6 42. Ke3 Rxa2 43. Kd4
Ra3 44. Kc3 Ne4+ 45. Kb4 Rxb3+ 46. Kxb3 h5 47. Kb4 h4 48. Kb5 h3 49. Ka6 h2
50. Kxa7 h1=Q 51. Kxb6 Qc1 52. Kb5 Qc5+ 53. Ka4 Qb6 54. Ka3 f5 55. Ka2 Nc5
56. Ka1 Nd3 57. Ka2 Qb2# { White checkmated } 0-1

[Event "ICC tourney 2533 (25 5)"]
[Site "Internet Chess Club"]
[Date "2021.04.25"]
[Round "7"]
[White "AWAD, RANIA:K09-16554882"]
[Black "MICHAEL JONES, RILEY:K09-16250692"]
[Result "1-0"]
[ICCResult "Black resigns"]
[WhiteElo "1442"]
[BlackElo "940"]
[Opening "QGD: Grau (Sahovic) defense"]
[ECO "D06"]
[NIC "QP.08"]
[Time "15:03:24"]
[PlyCount "43"]
[TimeControl "1500+5"]

1. d4 d5 2. c4 Bf5 3. Nc3 dxc4 4. e4 Bg6 5. Bxc4 e6 6. Nf3 Bb4 7. Qa4+ Nc6
8. d5 Bxc3+ 9. bxc3 Bxe4 10. dxc6 Bxc6 11. Bb5 Ne7 12. Bxc6+ Nxc6 13. Nd4
Qh4 14. O-O O-O 15. g3 Qe4 16. f3 Qd5 17. Nxc6 bxc6 18. Ba3 Rfd8 19. Be7
Rd7 20. Rad1 Qxd1 21. Rxd1 Rxd1+ 22. Qxd1 { Black resigns } 1-0

[Event "ICC tourney 2533 (25 5)"]
[Site "Internet Chess Club"]
[Date "2021.04.25"]
[Round "7"]
[White "ACHATA, CAMERON:K09-16677725"]
[Black "BINOY JANI, DEVEN:K09-16503178"]
[Result "0-1"]
[ICCResult "White checkmated"]
[WhiteElo "536"]
[BlackElo "1185"]
[Opening "Queen's pawn game"]
[ECO "D00"]
[NIC "QP.07"]
[Time "15:03:24"]
[PlyCount "36"]
[TimeControl "1500+5"]

1. d4 Nf6 2. Nc3 d5 3. Nf3 Bf5 4. Bf4 e6 5. Nb5 Na6 6. c4 c6 7. Nc3 Nb4 8.
Rc1 Ne4 9. a3 Nxc3 10. bxc3 Na6 11. cxd5 exd5 12. c4 Bxa3 13. Ra1 Nb4 14.
Rxa3 Nc2+ 15. Kd2 Nxa3 16. cxd5 Qa5+ 17. Kc1 Qc3+ 18. Qc2 Qxc2# { White
checkmated } 0-1

[Event "ICC tourney 2533 (25 5)"]
[Site "Internet Chess Club"]
[Date "2021.04.25"]
[Round "7"]
[White "BUCHIREDDY, NEELI:K09-17330278"]
[Black "SU, THEODORE:K09-16995458"]
[Result "0-1"]
[ICCResult "White resigns"]
[WhiteElo "750"]
[BlackElo "1279"]
[Opening "Sicilian: Alapin's variation (2.c3)"]
[ECO "B22"]
[NIC "SI.46"]
[Time "15:00:58"]
[PlyCount "62"]
[TimeControl "1500+5"]

1. e4 c5 2. c3 d5 3. exd5 Qxd5 4. d4 cxd4 5. cxd4 Nc6 6. Nf3 Bg4 7. Be2 Nf6
8. O-O e6 9. h3 Bh5 10. Nc3 Qd7 11. Bf4 Be7 12. Nb5 Rc8 13. Nxa7 Nxa7 14.
Ne5 Bxe2 15. Qxe2 Qxd4 16. Bg3 O-O 17. Rad1 Qb6 18. Bh4 Nc6 19. Bxf6 Bxf6
20. Nd7 Qxb2 21. Qxb2 Bxb2 22. Nxf8 Kxf8 23. Rb1 Bd4 24. Rxb7 Ra8 25. Rc1
Nd8 26. Rd7 Bf6 27. Rc2 Ke8 28. Rcd2 Bc3 29. R2d3 Bf6 30. a3 Be7 31. Rc3
Kxd7 { White resigns } 0-1

[Event "ICC tourney 2533 (25 5)"]
[Site "Internet Chess Club"]
[Date "2021.04.25"]
[Round "7"]
[White "TENNENT, RICHARD:K09-15622641"]
[Black "GUPTA, RANVIR:K09-16547074"]
[Result "1-0"]
[ICCResult "Black checkmated"]
[WhiteElo "786"]
[BlackElo "166"]
[Opening "QGD Slav: 4.Nc3"]
[ECO "D15"]
[NIC "SL.03"]
[Time "15:02:33"]
[PlyCount "59"]
[TimeControl "1500+5"]

1. d4 d5 2. c4 c6 3. Nc3 Nf6 4. Nf3 Bg4 5. h3 Bxf3 6. gxf3 dxc4 7. e4 Nd5
8. exd5 cxd5 9. Rg1 e6 10. f4 Bb4 11. Rxg7 Bxc3+ 12. bxc3 Qa5 13. Qc2 Nc6
14. Rb1 Nxd4 15. Qb2 Nf3+ 16. Kd1 Qa4+ 17. Ke2 Nh4 18. Qxb7 Qxa2+ 19. Bd2
Nf5 20. Qxa8+ Kd7 21. Rb7+ Kc6 22. Rbxf7+ Kd6 23. Rd7+ Kc5 24. Rc7+ Kb6 25.
Qb7+ Ka5 26. Qxa7+ Kb5 27. Rb7+ Kc6 28. Rgc7+ Kd6 29. Qxa2 Re8 30. Qa3# {
Black checkmated } 1-0

[Event "ICC tourney 2533 (25 5)"]
[Site "Internet Chess Club"]
[Date "2021.04.25"]
[Round "7"]
[White "BHEEMAVARAPU, SREEKAR:K09-16737643"]
[Black "JAIN, RAJNEESH:K09-16887466"]
[Result "1-0"]
[ICCResult "Black checkmated"]
[WhiteElo "754"]
[BlackElo "1246"]
[Opening "Scotch game"]
[ECO "C45"]
[NIC "SO.05"]
[Time "15:03:33"]
[PlyCount "105"]
[TimeControl "1500+5"]

1. e4 e5 2. Nf3 Nc6 3. d4 exd4 4. Nxd4 Bc5 5. Be3 b6 6. Nxc6 dxc6 7. Qxd8+
Kxd8 8. Bxc5 bxc5 9. c4 Ne7 10. Be2 Be6 11. b3 Kd7 12. O-O Rhe8 13. Nc3 Kc8
14. Na4 Ng6 15. Nxc5 Nf4 16. Bf3 a5 17. e5 Kb8 18. Bxc6 Ka7 19. Bxe8 Rxe8
20. Rad1 h5 21. Nxe6 Nxe6 22. Rd7 Kb6 23. Rxf7 g6 24. Rf6 c6 25. Rxg6 Nf4
26. Rh6 Rxe5 27. g3 Nh3+ 28. Kg2 Ng5 29. Rxh5 Nf3 30. Rxe5 Nxe5 31. h4 Kc5
32. h5 Nf7 33. Rd1 Kb4 34. Rd7 Ng5 35. h6 a4 36. bxa4 Kxa4 37. h7 Nxh7 38.
Rxh7 Kb4 39. g4 Kxc4 40. g5 Kd5 41. g6 Ke6 42. Rf7 c5 43. Rf3 c4 44. g7 c3
45. g8=Q+ Ke5 46. Rxc3 Kd4 47. Qc4+ Ke5 48. Re3+ Kd6 49. Qd4+ Kc6 50. Rc3+
Kb5 51. Qc5+ Ka6 52. Qb4 Ka7 53. Ra3# { Black checkmated } 1-0

[Event "ICC tourney 2533 (25 5)"]
[Site "Internet Chess Club"]
[Date "2021.04.25"]
[Round "7"]
[White "KHANNA, SAVIR:K09-15724048"]
[Black "RAJARAM, ANIKA:K09-15446678"]
[Result "0-1"]
[ICCResult "White resigns"]
[WhiteElo "1160"]
[BlackElo "1858"]
[Opening "Sicilian: closed, 2...Nc6"]
[ECO "B23"]
[NIC "SI.44"]
[Time "15:02:54"]
[PlyCount "32"]
[TimeControl "1500+5"]

1. e4 c5 2. Nc3 Nc6 3. Bb5 Nd4 4. Bc4 e6 5. Nge2 Nf6 6. O-O d5 7. exd5 exd5
8. Nxd5 Nxd5 9. Nxd4 cxd4 10. Qh5 Be6 11. Re1 Nc7 12. Bxe6 Nxe6 13. Rxe6+
Be7 14. Re4 O-O 15. d3 Rc8 16. Qg4 f5 { White resigns } 0-1

[Event "ICC tourney 2533 (25 5)"]
[Site "Internet Chess Club"]
[Date "2021.04.25"]
[Round "7"]
[White "LEYTE VIDAL, BRANDON:K09-17196870"]
[Black "PARK, LUCAS:K09-16422040"]
[Result "0-1"]
[ICCResult "White checkmated"]
[WhiteElo "430"]
[BlackElo "1084"]
[Opening "Caro-Kann: exchange variation"]
[ECO "B13"]
[NIC "CK.02"]
[Time "15:00:54"]
[PlyCount "118"]
[TimeControl "1500+5"]

1. e4 c6 2. d4 d5 3. exd5 cxd5 4. Nc3 Nf6 5. Bf4 Nc6 6. Nf3 Bg4 7. h3 Bh5
8. g4 Bg6 9. Bd3 Bxd3 10. Qxd3 e6 11. O-O-O Bd6 12. Bxd6 Qxd6 13. Qb5 Rb8
14. Ne5 O-O 15. Rde1 Nxd4 16. Qd3 Nc6 17. Nxc6 Qxc6 18. g5 Nd7 19. h4 Qc4
20. Qd2 Ne5 21. Rh3 Ng6 22. h5 Nh8 23. g6 fxg6 24. hxg6 Nxg6 25. Rxe6 Nf4
26. Rhe3 Nxe6 27. Rxe6 Qf4 28. Nxd5 Qxd2+ 29. Kxd2 Rbd8 30. Re5 Rxf2+ 31.
Kc3 Rf7 32. Ne7+ Kf8 33. Nd5 Rfd7 34. Ne3 Re7 35. Rxe7 Kxe7 36. Nf5+ Kf6
37. Ne3 Re8 38. Nd5+ Ke5 39. Ne3 Ke4 40. Nc4 Rc8 41. Kb3 Rxc4 42. Kxc4 Ke5
43. a4 h5 44. b4 h4 45. b5 h3 46. a5 h2 47. b6 a6 48. Kb4 h1=Q 49. c4 Qb1+
50. Kc5 Qg1+ 51. Kb4 Kd6 52. Kc3 Kc5 53. Kb3 Qd4 54. Ka3 Qxc4 55. Kb2 Qd3
56. Kc1 Qe2 57. Kb1 Kb4 58. Kc1 Kb3 59. Kb1 Qb2# { White checkmated } 0-1

[Event "ICC tourney 2533 (25 5)"]
[Site "Internet Chess Club"]
[Date "2021.04.25"]
[Round "7"]
[White "HAN, MATTHEW:K09-16312223"]
[Black "HANKE, HARVEY:K09-17137475"]
[Result "0-1"]
[ICCResult "White checkmated"]
[WhiteElo "1320"]
[BlackElo "752"]
[Opening "Giuoco Piano"]
[ECO "C54"]
[NIC "IG.02"]
[Time "15:02:44"]
[PlyCount "124"]
[TimeControl "1500+5"]

1. e4 e5 2. Nf3 Nc6 3. Bc4 Bc5 4. c3 Nf6 5. d4 exd4 6. cxd4 Bb4+ 7. Bd2
Bxd2+ 8. Nbxd2 d5 9. exd5 Nxd5 10. O-O O-O 11. Qb3 Nf6 12. Qc3 Bf5 13. Rfe1
Qd7 14. Rad1 Rad8 15. Bb5 Nd5 16. Qxc6 bxc6 17. Bf1 f6 18. Nb3 Rde8 19. Nc5
Qd6 20. Nb7 Qb4 21. Nc5 Bg4 22. Rxe8 Rxe8 23. Nd3 Qa4 24. Ra1 Bxf3 25. gxf3
Qxd4 26. Rd1 Qh4 27. Kh1 Nf4 28. Nxf4 Qxf4 29. Kg2 Qa4 30. Rc1 Qxa2 31.
Bc4+ Qxc4 32. Rxc4 Re6 33. Ra4 Re2 34. Rxa7 Rxb2 35. Rxc7 Rc2 36. Kf1 Rc5
37. Ke2 Re5+ 38. Kd3 c5 39. Kc4 Kf8 40. Rxc5 Rxc5+ 41. Kxc5 Kf7 42. Kd4 Kg6
43. Ke4 Kg5 44. f4+ Kg4 45. f3+ Kh3 46. Kf5 Kxh2 47. Kg4 Kg2 48. Kf5 Kxf3
49. Ke6 Kxf4 50. Kf7 g5 51. Kxf6 h5 52. Kg6 h4 53. Kh5 h3 54. Kg6 h2 55.
Kh6 h1=Q+ 56. Kg6 g4 57. Kf6 g3 58. Kg6 g2 59. Kf6 g1=Q 60. Ke6 Qc5 61. Kf7
Qh7+ 62. Ke6 Qe5# { White checkmated } 0-1

[Event "ICC tourney 2533 (25 5)"]
[Site "Internet Chess Club"]
[Date "2021.04.25"]
[Round "7"]
[White "BUTLER, BETTY:K09-17283280"]
[Black "LIU, BOWEN:K09-15459900"]
[Result "1-0"]
[ICCResult "Black resigns"]
[WhiteElo "357"]
[BlackElo "1941"]
[Opening "Neo-Grünfeld, 6.O-O c6"]
[ECO "D78"]
[NIC "GI.02"]
[Time "15:00:46"]
[PlyCount "45"]
[TimeControl "1500+5"]

1. d4 Nf6 2. Nf3 g6 3. c4 Bg7 4. g3 O-O 5. Bg2 d5 6. O-O c6 7. Ne5 Ng4 8.
cxd5 cxd5 9. Nxg4 Bxg4 10. Nc3 Be6 11. Qb3 Nc6 12. Bg5 h6 13. Be3 Na5 14.
Qb4 b6 15. Rac1 Rc8 16. Nxd5 Nc6 17. Rxc6 Rxc6 18. Nxe7+ Kh8 19. Nxc6 Qd7
20. Ne5 Bxe5 21. Qxf8+ Kh7 22. dxe5 Bxa2 23. Ra1 { Black resigns } 1-0

[Event "ICC tourney 2533 (25 5)"]
[Site "Internet Chess Club"]
[Date "2021.04.25"]
[Round "7"]
[White "WU, ANDREW:K09-16967853"]
[Black "KATZ, GAVIN:K09-15762048"]
[Result "1-0"]
[ICCResult "Black resigns"]
[WhiteElo "1532"]
[BlackElo "1056"]
[Opening "Giuoco Pianissimo"]
[ECO "C55"]
[NIC "IG.01"]
[Time "15:01:00"]
[PlyCount "53"]
[TimeControl "1500+5"]

1. e4 e5 2. Nf3 Nc6 3. Bc4 Nf6 4. d3 Bc5 5. O-O O-O 6. c3 h6 7. a4 a6 8. b4
Ba7 9. Nbd2 Ne7 10. Nxe5 d6 11. Nef3 Bg4 12. h3 Bh5 13. Qc2 Ng6 14. Bb2 c6
15. Rae1 Re8 16. Bb3 Qc7 17. c4 Rad8 18. Bxf6 gxf6 19. g4 Bxg4 20. hxg4 Qc8
21. Nh2 Nf4 22. Kh1 b5 23. cxb5 axb5 24. axb5 cxb5 25. Qxc8 Rxc8 26. Ra1
Bb8 27. d4 { Black resigns } 1-0

[Event "ICC tourney 2533 (25 5)"]
[Site "Internet Chess Club"]
[Date "2021.04.25"]
[Round "7"]
[White "BERGSTEDT, SAWYER:K09-16355805"]
[Black "MCCOY, KEVIN:K09-15792666"]
[Result "1-0"]
[ICCResult "Black resigns"]
[WhiteElo "440"]
[BlackElo "906"]
[Opening "Ponziani: Jaenisch counter-attack"]
[ECO "C44"]
[NIC "KP.05"]
[Time "15:04:01"]
[PlyCount "31"]
[TimeControl "1500+5"]

1. e4 e5 2. Nf3 Nc6 3. c3 Nf6 4. d4 exd4 5. e5 dxc3 6. exf6 Qxf6 7. Nxc3
Bb4 8. Bg5 Qe6+ 9. Be3 O-O 10. Bd3 g6 11. O-O Ne5 12. Ng5 Qf6 13. Nd5 Qd6
14. Ne4 Qxd5 15. Nf6+ Kg7 16. Nxd5 { Black resigns } 1-0

[Event "ICC tourney 2533 (25 5)"]
[Site "Internet Chess Club"]
[Date "2021.04.25"]
[Round "7"]
[White "SUN, YIMENG:K09-16513258"]
[Black "LI, HARVEY:K09-16806831"]
[Result "0-1"]
[ICCResult "White resigns"]
[WhiteElo "1323"]
[BlackElo "1756"]
[Opening "Scandinavian defense"]
[ECO "B01"]
[NIC "SD.03"]
[Time "15:06:17"]
[PlyCount "30"]
[TimeControl "1500+5"]

1. e4 d5 2. exd5 Nf6 3. d4 Bg4 4. Nf3 Qxd5 5. Be2 Nc6 6. c3 O-O-O 7. h3 Bh5
8. Bf4 Rg8 9. Nbd2 g5 10. Bg3 Ne4 11. Nxe4 Qxe4 12. O-O f5 13. Qb1 Qxe2 14.
Qxf5+ e6 15. Qe4 Qxe4 { White resigns } 0-1

[Event "ICC tourney 2533 (25 5)"]
[Site "Internet Chess Club"]
[Date "2021.04.25"]
[Round "7"]
[White "GARZA, ISABELLA:K09-15183191"]
[Black "ZHOU, ARTHUR:K09-17305955"]
[Result "1-0"]
[ICCResult "Black checkmated"]
[WhiteElo "461"]
[BlackElo "105"]
[Opening "Giuoco Pianissimo: Italian four knights variation"]
[ECO "C47"]
[NIC "KP.06"]
[Time "15:04:03"]
[PlyCount "45"]
[TimeControl "1500+5"]

1. e4 e5 2. Nf3 Nc6 3. Nc3 Nf6 4. Bc4 Bc5 5. d3 O-O 6. Qe2 a6 7. Be3 Bb4 8.
Qd2 b5 9. Bd5 Bb7 10. a3 Bd6 11. d4 Rb8 12. O-O a5 13. Nxb5 Ba6 14. a4 Nb4
15. dxe5 Nxe4 16. Bxe4 Bxb5 17. axb5 Qe7 18. exd6 Qxe4 19. dxc7 Rbc8 20.
Qxd7 Nxc2 21. Ng5 Qb4 22. Qd3 Rxc7 23. Qxh7# { Black checkmated } 1-0

[Event "ICC tourney 2533 (25 5)"]
[Site "Internet Chess Club"]
[Date "2021.04.25"]
[Round "7"]
[White "SAI POTHURI, ABHIRAM:K09-15560780"]
[Black "ROLAND MOLNAR, MIHAI:K09-16645268"]
[Result "1-0"]
[ICCResult "Black resigns"]
[WhiteElo "1948"]
[BlackElo "1421"]
[Opening "Sicilian: Nimzovich-Rossolimo attack (without ...d6)"]
[ECO "B30"]
[NIC "SI.31"]
[Time "15:02:21"]
[PlyCount "35"]
[TimeControl "1500+5"]

1. e4 c5 2. Nf3 Nc6 3. Bb5 a6 4. Bxc6 bxc6 5. O-O g6 6. Nc3 Bg7 7. d3 d6 8.
h3 Nf6 9. Be3 O-O 10. Qd2 Bb7 11. Bh6 d5 12. e5 Nd7 13. Bxg7 Kxg7 14. Na4
c4 15. dxc4 dxc4 16. Rad1 Nb8 17. Qxd8 Rxd8 18. Rxd8 { Black resigns } 1-0